 Dungeon Crawl Stone Soup version 0.31-a0-219-g8d62b2e7bb (webtiles) character file.

Game seed: 3594977505639635667

485 gruber the Skirmisher (level 7, -3/49 (51) HPs)
             Began as a Barachi Hunter on July 3, 2023.
             Was an Initiate of Okawaru.
             Slain by a wight
             ... wielding a +0 mace
              (7 damage)
             ... on level 4 of the Dungeon.
             The game lasted 00:06:23 (3759 turns).

gruber the Skirmisher (Barachi Hunter)              Turns: 3759, Time: 00:06:24

HP:   -3/49 (51)    AC:  4    Str: 12    XL:     7   Next: 13%
MP:   7/7           EV: 12    Int: 10    God:    Okawaru [......]
Gold: 181           SH:  0    Dex: 17    Spells: 6/6 levels left

rFire   . . .        a - +0 shortbow
rCold   . . .        (shield currently unavailable)
rNeg    . . .        c - +0 leather armour
rPois   .            l - +0 helmet
rElec   .            (no cloak)
rCorr   +            (no gloves)
SInv    .            (no boots)
Will    .....        w - amulet of the acrobat
Stlth   ++           i - ring of resist corrosion
HPRegen 0.28/turn    (no ring)
MPRegen 0.10/turn

%: acrobat
@: unable to hop, lightly drained, slow
A: amphibious, slowness 1, strong legs 1, +LOS
a: Hop, Renounce Religion


You were on level 4 of the Dungeon.
You worshipped Okawaru.
Okawaru was noncommittal.
You visited 2 branches of the dungeon, and saw 5 of its levels.
You also visited: Sewer.

You collected 181 gold pieces.

Inventory:

Hand Weapons
 a - a +0 shortbow (weapon)
 t - a +3 rapier
Missiles
 e - 7 poisoned darts
Armour
 c - a +0 leather armour (worn)
 l - a +0 helmet (worn)
Jewellery
 i - a ring of resist corrosion (left hand)
 j - a ring of ice
 p - a ring of magical power
 w - an amulet of the acrobat (around neck)
Wands
 s - a wand of mindburst (3)
Scrolls
 b - a scroll of butterflies
 d - 2 scrolls of enchant armour {unknown}
 g - a scroll of poison {unknown}
 h - a scroll of torment {unknown}
 m - a scroll of amnesia {unknown}
 n - 2 scrolls of identify {unknown}
 o - a scroll of summoning {unknown}
 r - a scroll of fog {unknown}
 x - a scroll of blinking {unknown}
Potions
 f - a potion of curing {unknown}
 k - a potion of cancellation {unknown}
 q - a potion of lignification {unknown}
 u - a potion of mutation {unknown}
 v - 2 potions of heal wounds {unknown}
 z - a potion of degeneration {unknown}


   Skills:
 - Level 2.4 Fighting
 + Level 8.3 Ranged Weapons
 - Level 2.1 Dodging
 - Level 0.8 Stealth


You had 6 spell levels left.
You didn't know any spells.
Your spell library contained the following spells:

 Spells                   Type           Power      Damage    Failure   Level
 Kiss of Death            Conj/Necr      0%         2d5       43%         1
 Confusing Touch          Hex            0%         N/A       82%         3
 Portal Projectile        Hex/Tloc       0%         N/A       82%         3
 Dispel Undead            Necr           0%         3d6       99%         4
 Leda's Liquefaction      Hex/Erth       0%         N/A       99%         4
 Passage of Golubria      Tloc           0%         N/A       99%         4
 Silence                  Hex/Air        0%         N/A       100%        5
 Lehudib's Crystal Spear  Conj/Erth      0%         10d2      100%        8
 Call Canine Familiar     Summ           Unusable   N/A       N/A         3

Dungeon Overview and Level Annotations

Branches:
Dungeon (4/15)             Temple (1/1) D:4           Sewer (visited)

Altars:
Ashenzari
Dithmenos
Elyvilon
Fedhas
Kikubaaqudgha
Nemelex Xobeh
Okawaru
Trog
Vehumet
Wu Jian
Yredelemnul
The Shining One

Shops:
D:1 ===   D:2 [

Annotations:
D:2 1 runed translucent door, Crazy Yiuf


Innate Abilities, Weirdness & Mutations

You are amphibious.
You cover ground slowly.
You can hop short distances.
You have an extended range of vision and can be seen from far away.


Message History

Boing!
Okay, then.
Fire: a) +0 shortbow
Press: ? - help, Q - select action, (/) - cycle Shift-Dir - straight line, f - wight
Aim: a wight, wielding a +2 heavy scimitar and wearing a +0 robe (65% to hit)
You shoot an arrow. The arrow barely misses the wight.
Unknown command.
Unknown command.
Fire: a) +0 shortbow
Press: ? - help, Q - select action, (/) - cycle Shift-Dir - straight line, f/p - wight
Aim: a wight, wielding a +2 heavy scimitar and wearing a +0 robe (65% to hit)
You shoot an arrow. The arrow hits the wight.
The wight is lightly damaged.
Unknown command.
The wight attacks as you move away! The wight barely misses you.
Fire: a) +0 shortbow
Press: ? - help, Q - select action, (/) - cycle Shift-Dir - straight line, f/p - wight
Aim: a wight, wielding a +2 heavy scimitar and wearing a +0 robe (lightly damaged, 65% to hit)
You shoot an arrow. The arrow hits the wight.
The wight is moderately damaged.
Unknown command.
Fire: a) +0 shortbow
Press: ? - help, Q - select action, (/) - cycle Shift-Dir - straight line, f - wight, p - wight
Aim: a wight, wielding a +0 mace and wearing a +0 robe (moderately damaged, 65% to hit)
You shoot an arrow. The arrow barely misses the wight.
The arrow hits the wight but does no damage.
The wight is heavily damaged.
The wight hits you with a +2 heavy scimitar!!
* * * LOW HITPOINT WARNING * * *
You feel drained.
* * * LOW HITPOINT WARNING * * *
Unknown command.
Fire: a) +0 shortbow
Press: ? - help, Q - select action, (/) - cycle Shift-Dir - straight line, f/p - wight
Aim: a wight, wielding a +0 mace and wearing a +0 robe (moderately damaged, 65% to hit)
You shoot an arrow.
The arrow hits the wight but does no damage.
The wight is moderately damaged.
The wight hits you with a +0 mace!
You die...

###########.######
#>................
#....######.######
...(.....#.######
####..###.........
#...........♣♣....
#)####.##.#.......
#z#..#.##.#....#..
#@zz.#.##.###### .
####.#.##.#
#)#.##.# #z#.##..
#z#.#### ..#+#
.z#. ... ) z... ..


You could see 3 wights.

Vanquished Creatures
  A phantom (D:4)
  2 kobold brigands (Sewer)
  A wight (D:4)
  4 gnolls
  9 adders
  A river rat (Sewer)
  A worm (D:4)
  3 dart slugs
  11 endoplasms
  4 giant cockroaches
  5 hobgoblins
  4 jackals (D:1)
  6 kobolds
  4 quokkas
  12 ball pythons
  6 bats
  10 frilled lizards
  2 goblins
  12 rats
98 creatures vanquished.

Notes
Turn   | Place    | Note
-------+----------+-------------------------------------------
     0 | D:1      | gruber the Barachi Hunter began the quest for the Orb.
     0 | D:1      | Reached XP level 1. HP: 17/17 MP: 1/1
    22 | D:1      | Found Uhofiq's Jewellery Shoppe.
    63 | D:1      | Found Reder's Jewellery Boutique.
   157 | D:1      | Found Bacawixi's Jewellery Shoppe.
   228 | D:1      | Reached XP level 2. HP: 23/23 MP: 2/2
   472 | D:1      | Reached XP level 3. HP: 28/28 MP: 3/3
   569 | D:1      | Reached skill level 5 in Ranged Weapons
   873 | D:2      | Found a faded altar of an unknown god.
  1036 | D:2      | Reached XP level 4. HP: 34/34 MP: 4/4
  1257 | D:2      | Found a runed translucent door.
  1258 | D:2      | Noticed Crazy Yiuf
  1384 | D:2      | Found Okuxkock's Armour Emporium.
  1825 | D:3      | Reached skill level 6 in Ranged Weapons
  1853 | D:3      | Found a broken altar of Ashenzari.
  1961 | D:3      | Reached XP level 5. HP: 39/39 MP: 5/5
  2297 | D:4      | Found a glowing drain.
  2300 | D:4      | Noticed a phantom
  2329 | D:4      | Killed a phantom
  2330 | D:4      | Reached skill level 7 in Ranged Weapons
  2338 | D:4      | Reached XP level 6. HP: 23/46 MP: 6/6
  2424 | Sewer    | Entered a sewer
  2752 | Sewer    | Reached skill level 8 in Ranged Weapons
  3082 | D:4      | Found a staircase to the Ecumenical Temple.
  3167 | Temple   | Entered the Ecumenical Temple
  3488 | Temple   | Became a worshipper of Warmaster Okawaru
  3752 | D:4      | Reached XP level 7. HP: 26/51 MP: 7/7
  3759 | D:4      | Slain by a wight

Illustrated notes

Levels and vault maps discovered:
D:1:      onia_arrival_mini_spirals, layout_basic, serial_shops,
          nicolae_shop_tiny_waterfront, shop, nicolae_shop_statue_plus,
          serial_bayou, serial_bayou_pond_b, serial_bayou_crossing,
          serial_bayou_pond_d, serial_bayou_pond_d, serial_bayou_ford_a
D:2:      layout_basic, serial_shops, nicolae_shop_waterfront,
          nicolae_ecumenical_oubliette, minmay_heptomino_d4,
          uniq_crazy_yiuf_cottage
D:3:      layout_rooms, mainiacjoe_overflow_catwalk
D:4:      layout_basic, minmay_temple_entry_hall, gammafunk_ghost_necromancy,
          gup_sewer_entry_glass, chequers_mini_garden
Temple:   grunt_temple_mini_profane

Skill      XL: |  1  2  3  4  5  6 |
---------------+-------------------+-----
Ranged Weapons | 5 6 7 8 |  8.3
Fighting       | |  2.4
Dodging        | |  2.1
Stealth        | |  0.8

Action                     |  1- 3 |  4- 6 |  7- 9 || total
---------------------------+-------+-------+-------++-------
  Melee: Rapier            |       |    16 |       ||    16
   Fire: Shortbow          |    76 |   218 |     5 ||   299
Ability: Hop               |       |     2 |     1 ||     3
  Evoke: Wand              |       |     1 |       ||     1
 Armour: Leather armour    |     4 |    19 |       ||    23
  Dodge: Dodged            |    21 |    54 |     1 ||    76

Table legend: (Time is in decaauts)
 A = Elapsed time spent in this place.
 B = Non-inter-level travel time spent in this place.
 C = Inter-level travel time spent in this place.
 D = Time resting spent in this place.
 E = Time spent auto-exploring this place.
 F = Levels seen in this place.
 G = Mean time per level.
                   A        B        C        D        E       F      G
               +--------+--------+--------+--------+--------+-----+--------+
         Total |   4356 |   4033 |    323 |    176 |   3210 |   6 |  726.0 |
       Dungeon |   3391 |   3171 |    220 |    176 |   2516 |   4 |  847.8 |
        Temple |    320 |    218 |    102 |      0 |    198 |   1 |  320.0 |
         Sewer |    645 |    645 |      0 |      0 |    495 |   1 |  645.0 |
               +--------+--------+--------+--------+--------+-----+--------+

Top non-repeatable levels by time:
     D:1: 1125 daAuts
     D:4: 771 daAuts
     D:3: 752 daAuts
     D:2: 741 daAuts
   Sewer: 645 daAuts
  Temple: 320 daAuts
